 Dungeon Crawl Stone Soup version 0.20.0 (webtiles) character file.

316 Llamajah the Covered (level 6, -3/48 HPs)
             Began as a Formicid Fighter on June 16, 2017.
             Was a Follower of Okawaru.
             Killed by divine providence
             ... invoked by an orc priest
              (9 damage)
             ... on level 3 of the Dungeon.
             The game lasted 00:06:11 (2163 turns).

Llamajah the Covered (Formicid Fighter)             Turns: 2163, Time: 00:06:11

Health: -3/48      AC:  9    Str: 21    XL:     6   Next: 73%
Magic:  7/7        EV:  7    Int:  7    God:    Okawaru [*.....]
Gold:   190        SH: 10    Dex: 12    Spells: 5/5 levels left

rFire    . . .     SeeInvis +   a - +0 war axe
rCold    . . .     Gourm    .   c - +0 shield
rNeg     . . .     Faith    .   i - +0 chain mail (curse)
rPois    .         Spirit   .   (helmet unavailable)
rElec    .         Reflect  .   (no cloak)
rCorr    .         Harm     .   (no gloves)
MR       .....                  (no boots)
Stlth    ..........             (no amulet)
Regen    0.2/turn               (no ring)
MPRegen  0.1/turn               (no ring)

@: no status effects
A: permanent stasis, dig shafts and tunnels, four strong arms, antennae 3
a: Dig, Shaft Self, Heroism, Renounce Religion


You were on level 3 of the Dungeon.
You worshipped Okawaru.
Okawaru was aware of your devotion.
You were not hungry.

You visited 1 branch of the dungeon, and saw 3 of its levels.

You collected 190 gold pieces.

Inventory:

Hand Weapons
 a - a +0 war axe (weapon)
Armour
 b - a +0 scale mail
 c - a +0 shield (worn)
 i - a cursed +0 chain mail (worn)
Scrolls
 k - a scroll of fear {unknown}
 l - 2 scrolls of remove curse {unknown}
 m - 2 scrolls of amnesia {unknown}
 n - 2 scrolls of identify {unknown}
 o - a scroll of fog {unknown}
 p - a scroll of enchant armour {unknown}
 r - a scroll of noise {unknown}
 t - a scroll of teleportation {unknown}
 v - a scroll of recharging {unknown}
Potions
 d - a potion of curing {unknown}
 e - 2 potions of brilliance {unknown}
 g - a potion of haste {unknown}
 s - a potion of degeneration {unknown}
 u - a potion of ambrosia {unknown}
Comestibles
 f - 3 bread rations
 h - 8 fruits
 j - a royal jelly
 q - a chunk of flesh
 w - 2 meat rations


   Skills:
 + Level 4.1 Fighting
 + Level 3.0 Axes
 + Level 4.6 Armour
 * Level 2.8 Dodging
 + Level 4.4 Shields
 + Level 2.1 Invocations


You had 5 spell levels left.
You didn't know any spells.

Dungeon Overview and Level Annotations

Branches:
Dungeon (3/15)

Altars:
Elyvilon
Okawaru
Qazlal
Uskayaw
Zin


Innate Abilities, Weirdness & Mutations

You cannot be hasted, slowed, berserked, paralysed or teleported.
You can dig through walls and to a lower floor.
Your four strong arms can wield two-handed weapons with a shield.
You have a pair of large antennae on your head. (SInv)


Message History

Beogh smites you!
You are too injured to fight recklessly!
You are too injured to fight recklessly!
You are too injured to fight recklessly!
You are too injured to fight recklessly!
You are too injured to fight recklessly!
You closely miss the orc priest. You block the orc priest's attack.
You hit the orc priest.
The orc priest is moderately wounded.
The orc priest invokes the aid of Beogh against you.
Beogh smites you!
* * * LOW HITPOINT WARNING * * *
You barely miss the orc priest.
The orc priest is moderately wounded.
You block the orc priest's attack. x2
You slash the orc priest!
The orc priest is almost dead.
The orc priest invokes the aid of Beogh against you.
Beogh smites you!
You die...

#### ...#{
...# ### ...
#.# .. # #.###
.###≈.≈ #...##
##)..≈.≈≈
##...# ###@o#
#)#.###...##
#.#.[##.###
#.##..#.#
#.#.....#
######...#..[#
#..........###
#.......>...##
#............+


You could see an orc priest.

Vanquished Creatures
  The ghost of aesoa the Skirmisher, an amateur OpMo (D:3)
  Jessica (D:2)
  An iguana (D:3)
  4 gnolls (D:2)
  8 adders
  An ooze (D:3)
  2 worms (D:2)
  2 dart slugs (D:2)
  4 leopard geckos
  2 orcs (D:3)
  3 ball pythons
  6 bats
  2 giant cockroaches
  7 goblins
  5 hobgoblins
  A jackal (D:2)
  A quokka (D:3)
  5 frilled lizards
  4 kobolds
  3 rats
63 creatures vanquished.

Notes
Turn   | Place    | Note
-------+----------+-------------------------------------------
     0 | D:1      | Llamajah the Formicid Fighter began the quest for the Orb.
     0 | D:1      | Reached XP level 1. HP: 18/18 MP: 1/1
    72 | D:1      | Reached XP level 2. HP: 22/24 MP: 2/2
   278 | D:1      | Reached skill level 1 in Dodging
   278 | D:1      | Reached XP level 3. HP: 22/29 MP: 3/3
   819 | D:2      | Reached XP level 4. HP: 37/37 MP: 4/4
   872 | D:2      | Found a stormy altar of Qazlal.
   920 | D:2      | Found an iron altar of Okawaru.
   948 | D:2      | Became a worshipper of Warmaster Okawaru
   971 | D:2      | Found a hide-covered altar of Uskayaw.
   976 | D:2      | Found a glowing silver altar of Zin.
   977 | D:2      | Found a white marble altar of Elyvilon.
  1348 | D:2      | Reached XP level 5. HP: 42/42 MP: 5/5
  1474 | D:2      | Noticed Jessica
  1477 | D:2      | Killed Jessica
  1477 | D:2      | Reached skill level 1 in Invocations
  1839 | D:3      | Reached XP level 6. HP: 26/48 MP: 7/7
  1845 | D:3      | Reached * piety under Okawaru
  1914 | D:3      | Noticed aesoa's ghost (amateur OpMo)
  2112 | D:3      | Killed aesoa's ghost
  2163 | D:3      | Killed from afar by an orc priest

Skill      XL: |  1  2  3  4  5  6 |
---------------+-------------------+-----
Dodging        | 1 2 |  2.8
Armour         | 4 |  4.6
Shields        | 4 |  4.4
Invocations    | 1 2 |  2.1
Fighting       | 4 |  4.1
Axes           | 3 |  3.0

Action                   |  1- 3 |  4- 6 || total
-------------------------+-------+-------++-------
Melee: War axe           |    78 |   168 ||   246
 Abil: Dig               |       |     1 ||     1
  Use: Potion            |       |     1 ||     1
  Eat: Chunk             |       |     5 ||     5
Armor: Scale mail        |    11 |       ||    11
       Chain mail        |    21 |    78 ||    99
Dodge: Dodged            |    30 |    51 ||    81
Block: Shield            |    46 |    98 ||   144
